 Dungeon Crawl Stone Soup version 0.29.1-1-gd02db69 (webtiles) character file.

Game seed: 5881628392162794177

455 Dorkslayer the Covered (level 7, 0/44 HPs)
             Began as a Gargoyle Fighter on Oct 26, 2022.
             Killed by divine providence
             ... invoked by an orc priest
              (12 damage)
             ... on level 3 of the Dungeon.
             The game lasted 00:04:32 (1943 turns).

Dorkslayer the Covered (Gargoyle Fighter)           Turns: 1943, Time: 00:04:33

Health: 0/44       AC: 12    Str: 20    XL:     7   Next: 5%
Magic:  7/7        EV:  9    Int:  8    God:
Gold:   121        SH:  4    Dex: 11    Spells: 6/6 levels left

rFire   . . .      SeeInvis .   a - +0 long sword
rCold   . . .      Faith    .   c - +0 buckler
rNeg    + . .      Spirit   .   b - +0 scale mail
rPois   ∞          Reflect  .   (no helmet)
rElec   +          Harm     .   (no cloak)
rCorr   .          Rampage  .   (no gloves)
Will    .....                   (no boots)
Stlth   ..........              (no amulet)
HPRegen 0.14/turn               (no ring)
MPRegen 0.10/turn               (no ring)

@: no status effects
A: sickness immunity, AC +4, negative energy resistance 1, electricity
resistance, torment resistance 1, petrification resistance
a: no special abilities


You were on level 3 of the Dungeon.
You visited 1 branch of the dungeon, and saw 3 of its levels.

You collected 121 gold pieces.

Inventory:

Hand Weapons
 a - a +0 long sword (weapon)
Armour
 b - a +0 scale mail (worn)
 c - a +0 buckler (worn)
Scrolls
 f - a scroll of vulnerability
 h - 2 scrolls of teleportation
Potions
 k - 2 potions of curing
 l - a potion of berserk rage {unknown}
 m - a potion of lignification {unknown}
 o - a potion of heal wounds {unknown}
 q - a potion of brilliance {unknown}


   Skills:
 + Level 4.7 Fighting
 + Level 4.4 Long Blades
 + Level 5.1 Armour
 + Level 1.0 Dodging
 + Level 0.4 Stealth
 + Level 3.9 Shields


You had 6 spell levels left.
You didn't know any spells.
Your spell library contained the following spells:

 Spells                   Type           Power      Damage    Failure   Level
 Scorch                   Fire           0%         2d5       93%         2
 Flame Wave               Conj/Fire      0%         2d4       100%        4
 Summon Cactus Giant      Summ           0%         N/A       100%        6


Dungeon Overview and Level Annotations

Branches:
Dungeon (3/15)

Altars:

Shops:
D:2 (


Innate Abilities, Weirdness & Mutations

You are immune to sickness and miasma.
Your stone body is resilient. (AC +4)
You are immune to poison.
You resist negative energy. (rN+)
You are resistant to electric shocks. (rElec)
You are resistant to unholy torment.
You are immune to petrification.


Message History

a +0 flail; an orc corpse
Things that are here:
a +0 flail; an orc corpse
h - 2 scrolls of teleportation (gained 1)
Found 6 stones.
A goblin comes into view. It is wielding a +0 club.
The goblin moves out of view.
You barely miss the goblin. The goblin barely misses you.
You barely miss the goblin. The goblin hits you but does no damage.
You closely miss the goblin. The goblin hits you but does no damage.
You block the goblin's attack.
You slash the goblin!
You kill the goblin!
You see here a +0 club.
Found a dagger.
A rat and a dart slug come into view.
Found a stone staircase leading up.
An orc and an orc priest come into view.
The orc shouts!
The orc priest shouts!
An orc comes into view. It is wielding a +0 mace.
The orc shouts!
An orc comes into view. It is wielding a +0 hand axe.
The orc shouts!
You closely miss the orc priest. The orc priest hits you with a +0 mace.
You hit the orc priest but do no damage.
The orc priest hits you but does no damage.
You hit the orc priest.
The orc priest is moderately wounded.
The rat bites you but does no damage.
The orc priest calls down the wrath of Beogh upon you.
Beogh smites you!
* * * LOW HITPOINT WARNING * * *
The orc priest hits you with a +0 mace.
* * * LOW HITPOINT WARNING * * *
The rat bites you but does no damage.
Okay, then.
You feel better. The rat bites you but does no damage.
The orc priest calls down the wrath of Beogh upon you.
Beogh smites you!
You die...

#( #.# #.#
##.#.#
#.###.##.#
#..)###.#
##..# #o#
##..# #o#
#...# #o#
#.#.###o#
#..#.##@#
#...###wr.#
......
#.####
##.r) #.#
..w.<...
##...## ##^
#


You could see an orc priest, a dart slug, 3 orcs and a rat.

Vanquished Creatures
  Grinder (D:3)
  Sigmund (D:2)
  A gnoll (D:1)
  5 adders
  2 orcs
  2 endoplasms (D:1)
  9 giant cockroaches
  2 goblins
  6 hobgoblins
  4 kobolds
  3 quokkas
  3 ball pythons
  A bat (D:1)
  3 frilled lizards
  2 rats (D:1)
45 creatures vanquished.

Notes
Turn   | Place    | Note
-------+----------+-------------------------------------------
     0 | D:1      | Dorkslayer the Gargoyle Fighter began the quest for the
                  | Orb.
     0 | D:1      | Reached XP level 1. HP: 14/14 MP: 1/1
    78 | D:1      | Found a faded altar of an unknown god.
   180 | D:1      | Reached XP level 2. HP: 19/19 MP: 2/2
   600 | D:1      | Reached XP level 3. HP: 24/24 MP: 3/3
  1367 | D:2      | Noticed Sigmund
  1380 | D:2      | Killed Sigmund
  1381 | D:2      | Reached skill level 4 in Armour
  1381 | D:2      | Reached XP level 4. HP: 25/30 MP: 4/4
  1381 | D:2      | Reached XP level 5. HP: 28/34 MP: 5/5
  1385 | D:2      | Found Koal's Weapon Boutique.
  1545 | D:2      | Reached XP level 6. HP: 39/39 MP: 6/6
  1805 | D:3      | Noticed Grinder
  1809 | D:3      | Paralysed by Grinder for 4 turns
  1842 | D:3      | Killed Grinder
  1843 | D:3      | Reached skill level 5 in Armour
  1843 | D:3      | Reached skill level 1 in Dodging
  1843 | D:3      | Reached XP level 7. HP: 4/44 MP: 7/7
  1943 | D:3      | Killed from afar by an orc priest

Illustrated notes

Levels and vault maps discovered:
D:1:      minmay_arrival_radiant_lines, layout_loops_ring,
          basic_ecumenical_altar, minivault_11, minmay_misc_feat_enclosed,
          minmay_worlds_worst_comb
D:2:      layout_rooms, serial_shops, nicolae_shop_bloodbath_and_beyond,
          uniq_sigmund
D:3:      layout_loops_ring, uniq_grinder

Skill      XL: |  1  2  3  4  5  6 |
---------------+-------------------+-----
Long Blades    | 2 3 4 |  4.4
Fighting       | 4 |  4.7
Armour         | 4 5 |  5.1
Dodging        | 1 |  1.0
Stealth        | |  0.4
Shields        | |  3.9

Action                   |  1- 3 |  4- 6 |  7- 9 || total
-------------------------+-------+-------+-------++-------
Melee: Long sword        |   125 |    63 |     8 ||   196
  Use: Potion            |     1 |     1 |     1 ||     3
       Scroll            |       |     9 |       ||     9
Armor: Scale mail        |    89 |    36 |     6 ||   131
Dodge: Dodged            |    66 |    16 |     1 ||    83
Block: Buckler           |    25 |    13 |     1 ||    39
